AoeStats
← Judas

Black Forest

507170490Analyzed
4v4 RM · 15d ago on Sep 17, 2026· 58m 48s· 8 players
Game mode
Random Map
Map size
Large (8 player)
Population
200
Speed
Normal
Resources
Standard
Victory
Conquest
Starting age
Dark Age
Ending age
Imperial Age
RankedLock teamsTeams togetherTeam positionsShared explorationLock speedFull tech treeHidden civsTurbo modeCheats
Victory
Defeat
🇲🇽 Bohemians · Mexico
693
+15
🇲🇽 Celts · Mexico
681
+16
🇲🇽 Saracens · Mexico
670
+16
🇲🇽 Spanish · Mexico
646
+17
🇺🇸 Hindustanis · United States
741
-19
🇿🇦 Byzantines · South Africa
707
-17
🇲🇽 Aztecs · Mexico
643
-15
🇹🇷 Britons · Türkiye
610
-13
EL CHAPO DE SINALOA
13:22 Feudal Age
14:23 Double-Bit Axe
15:32 Horse Collar
21:25 Castle Age
22:32 Bow Saw
25:51 Heavy Plow
27:23 Wheelbarrow
31:29 Hand Cart
33:23 Pikeman
37:09 Imperial Age
36:43 Scale Barding Armor
36:49 Forging
37:52 Ballistics
38:58 Caravan
40:18 Two-Man Saw
40:55 Iron Casting
40:40 Chain Barding Armor
40:49 Elite Mameluke
43:35 Blast Furnace
43:11 Plate Barding Armor
43:39 Chemistry
45:50 Scale Mail Armor
45:51 Padded Archer Armor
45:43 Fletching
46:06 Elite Skirmisher
49:12 Thumb Ring
49:04 Bodkin Arrow
49:24 Leather Archer Armor
49:45 Conscription
51:11 Bracer
51:42 Ring Archer Armor
57:55 Capped Ram
maxcc
12:35 Feudal Age
10:55 Loom
19:07 Castle Age
18:47 Double-Bit Axe
18:52 Horse Collar
22:10 Bow Saw
24:39 Caravan
25:29 Heavy Plow
29:19 Wheelbarrow
34:26 Imperial Age
33:33 Hand Cart
34:34 Wagenburg Tactics
36:42 Chemistry
35:26 Treadmill Crane
36:20 Masonry
40:16 Elite Hussite Wagon
Judas
10:42 Feudal Age
11:39 Double-Bit Axe
13:15 Wheelbarrow
23:00 Castle Age
23:39 Stone Mining
26:32 Hand Cart
26:16 Horse Collar
27:07 Bow Saw
27:54 Gold Mining
30:02 Heavy Plow
36:51 Imperial Age
35:44 Gold Shaft Mining
36:00 Ballistics
37:16 Treadmill Crane
39:09 Caravan
39:20 Heavy Scorpion
42:21 Furor Celtica
47:07 Elite Woad Raider
Dr. Tenma
13:53 Feudal Age
14:49 Double-Bit Axe
21:18 Castle Age
23:58 Horse Collar
26:42 Heavy Plow
27:07 Gold Mining
33:03 Imperial Age
30:58 Bow Saw
31:37 Bloodlines
31:51 Forging
31:47 Scale Barding Armor
34:10 Iron Casting
33:55 Chain Barding Armor
33:33 Onager
34:45 Husbandry
34:50 Cavalier
36:53 Two-Man Saw
36:25 Light Cavalry
37:35 Paladin
42:04 Plate Barding Armor
42:30 Blast Furnace
pepe_prado99
0:36 Loom
15:20 Feudal Age
16:51 Horse Collar
16:58 Double-Bit Axe
18:18 Gold Mining
21:51 Castle Age
22:57 Bow Saw
24:29 Heavy Plow
26:21 Town Watch
28:18 Gold Shaft Mining
27:33 Stone Mining
27:58 Forging
27:48 Scale Mail Armor
29:18 Iron Casting
30:30 Wheelbarrow
30:56 Chain Mail Armor
32:02 Stone Shaft Mining
33:20 Hand Cart
33:48 Fletching
33:58 Padded Archer Armor
34:01 Town Patrol
34:15 Eagle Warrior
34:40 Arson
35:54 Treadmill Crane
36:34 Ballistics
36:11 Murder Holes
38:57 Imperial Age
37:25 Bodkin Arrow
37:45 Leather Archer Armor
38:12 Caravan
38:13 Heated Shot
39:36 Fortified Wall
39:58 Conscription
39:25 Elite Eagle Warrior
40:52 Plate Mail Armor
42:26 Blast Furnace
43:13 Crop Rotation
43:29 Garland Wars
45:24 Elite Jaguar Warrior
47:24 Siege Engineers
48:19 Chemistry
47:05 Arrowslits
50:47 Squires
RareCastle03050
0:31 Loom
14:54 Feudal Age
19:03 Castle Age
17:06 Horse Collar
17:32 Double-Bit Axe
23:47 Bow Saw
24:20 Wheelbarrow
26:37 Hand Cart
28:52 Grand Trunk Road
33:51 Imperial Age
32:19 Caravan
34:01 Forging
33:52 Scale Mail Armor
36:19 Chemistry
36:07 Elite Ghulam
38:36 Padded Archer Armor
38:27 Fletching
42:14 Bodkin Arrow
42:35 Leather Archer Armor
44:39 Shatagni
45:16 Hoardings
46:33 Bloodlines
46:24 Husbandry
45:45 Light Cavalry
47:12 Iron Casting
46:42 Scale Barding Armor
47:08 Ring Archer Armor
46:39 Bracer
48:25 Ballistics
48:11 Siege Engineers
51:38 Blast Furnace
50:54 Chain Mail Armor
50:04 Hussar
Hondkop
0:52 Loom
12:25 Feudal Age
17:53 Castle Age
20:58 Horse Collar
26:55 Heavy Plow
31:22 Imperial Age
30:21 Gold Mining
30:22 Stone Mining
32:42 Wheelbarrow
32:47 Gold Shaft Mining
32:58 Caravan
34:50 Chemistry
34:02 Fortified Wall
33:46 Fletching
33:58 Scale Mail Armor
34:08 Forging
33:59 Padded Archer Armor
34:05 Scale Barding Armor
35:27 Hand Cart
35:58 Stone Shaft Mining
36:33 Chain Mail Armor
35:41 Pikeman
36:09 Gambesons
36:24 Squires
36:10 Arson
36:51 Halberdier
39:50 Logistica
39:01 Elite Cataphract
40:03 Conscription
40:55 Crop Rotation
40:13 Double-Bit Axe
41:08 Elite Skirmisher
41:54 Thumb Ring
42:12 Ballistics
41:48 Murder Holes
41:34 Treadmill Crane
42:25 Bow Saw
45:13 Light Cavalry
45:53 Husbandry
48:03 Plate Mail Armor
48:09 Iron Casting
49:00 Bodkin Arrow
49:21 Leather Archer Armor
49:27 Chain Barding Armor
gubii
1:10 Loom
14:48 Feudal Age
17:58 Wheelbarrow
20:11 Double-Bit Axe
21:09 Stone Mining
21:27 Padded Archer Armor
21:25 Horse Collar
23:49 Castle Age
24:20 Fletching
27:08 Hand Cart
27:07 Bow Saw
27:11 Pikeman
28:01 Caravan
29:02 Heavy Plow
30:13 Gold Mining
30:56 Leather Archer Armor
30:25 Elite Skirmisher
31:58 Fortified Wall
37:11 Imperial Age
34:39 Bodkin Arrow
35:10 Ballistics
34:42 Heated Shot
35:55 Gold Shaft Mining
36:27 Squires
36:54 Husbandry
37:30 Yeomen
38:22 Cavalier
39:27 Conscription
39:47 Ring Archer Armor
40:26 Two-Man Saw
39:44 Elite Longbowman
41:14 Coinage
42:00 Bracer
43:06 Chemistry
42:00 Halberdier
42:48 Warwolf
43:32 Banking
43:50 Treadmill Crane
44:25 Guilds
46:06 Hoardings
47:09 Scale Barding Armor
Connection lost

Rejoining the realm…

Still unreachable

The connection could not be restored.

Session expired

The server has moved on; the page needs a fresh start.